 Dungeon Crawl Stone Soup version 0.17-a0-1504-gb7d9117 (webtiles) character file.

691 urechis the Basher (level 7, -2/66 HPs)
             Began as an Ogre Gladiator on July 9, 2015.
             Killed from afar by Natasha (8 damage)
             ... with a wand of flame
             ... on level 4 of the Dungeon.
             The game lasted 00:08:05 (3442 turns).

urechis the Basher (Ogre Gladiator)                 Turns: 3442, Time: 00:08:06

Health: -2/66      AC:  4    Str: 28    XL:     7   Next: 63%
Magic:  7/7        EV: 10    Int:  7    God:
Gold:   161        SH:  0    Dex: 10    Spells: 0 memorised, 6 levels left

rFire  . . .     SeeInvis +     f - +2 mace (holy)
rCold  . . .     Clarity  .     b - +0 robe
rNeg   . . .     SustAt   .     (no shield)
rPois  .         Gourm    .     c - +0 hat
rElec  .         Spirit   .     i - +0 cloak
rCorr  .         Warding  .     (gloves unavailable)
rMut   .         Stasis   .     (boots unavailable)
MR     .....                    (no amulet)
Stlth  +.........               r - +5 ring of strength
                                w - ring of see invisible

@: slowed, very slow, not resistant to hostile enchantments, very unstealthy
A: unfitting armour, tough skin 1
a: no special abilities


You were on level 4 of the Dungeon.
You were not hungry.

You visited 1 branch of the dungeon, and saw 4 of its levels.

You collected 161 gold pieces.

Inventory:

Hand weapons
 a - a +0 flail
 f - a +2 mace of holy wrath (weapon)
Missiles
 e - 3 throwing nets
 h - 2 curare-tipped needles
 o - a javelin (quivered)
 y - 5 tomahawks
 z - 6 poisoned needles
Armour
 b - a +0 robe (worn)
 c - a +0 hat (worn)
 i - a +0 cloak (worn)
Jewellery
 r - a +5 ring of strength (right hand)
 w - a ring of see invisible (left hand)
Scrolls
 l - 2 scrolls of remove curse {unknown}
 p - 6 scrolls of identify {unknown}
 q - a scroll of magic mapping {unknown}
 t - a scroll of immolation {unknown}
 u - a scroll of blinking {unknown}
 v - a scroll of recharging {unknown}
Potions
 g - a potion of might {unknown}
 j - a potion of curing
 k - a potion of cure mutation {unknown}
 s - a potion of heal wounds {unknown}
Comestibles
 d - 4 bread rations
 m - 3 fruits
 n - 2 meat rations
 x - 2 chunks of flesh


   Skills:
 - Level 2.6 Fighting
 + Level 9.9 Maces & Flails
 - Level 5.0 Throwing
 - Level 2.6 Dodging


You had 6 spell levels left.
You didn't know any spells.

Dungeon Overview and Level Annotations

Branches:
Dungeon (4/15)
 Temple: D:4-7

Altars:
Dithmenos
Gozag
Nemelex Xobeh
Okawaru

Annotations:
D:4 Natasha


Innate Abilities, Weirdness & Mutations

You are too large for most types of armour.
You have tough skin (AC +1).


Message History

You are too injured to fight recklessly!
You are too injured to fight recklessly!
Natasha hisses angrily.
Natasha zaps a wand.
The puff of flame hits you!
* * * LOW HITPOINT WARNING * * *
It is a wand of flame.
You hit Natasha.
Natasha is moderately wounded.
Natasha stares at you and mumbles some strange words.
You feel yourself slow down.
You barely miss Natasha.
Natasha is lightly wounded.
Natasha mumbles some strange words.
Natasha's fingertips start to glow.
Natasha zaps a wand.
The puff of flame hits you!
* * * LOW HITPOINT WARNING * * *
You sock Natasha!
Natasha is almost dead.
Natasha zaps a wand.
The puff of flame hits you!
You die...

...#.........#####.##
.....#.........# ###.## ..
...........###..[.. ..
#...##..####...... .
#...###........... #.
#...#.##........
####.###.#....#.....#..
#............^.........
#...(.@###.............
######..(..h###.......##....
#....####....##......#......
#........................#..
#....##........##>.......#..
#.................).........
#<...##........#...........#
#######.<......#............
###....#.............#


You could see Natasha.

Vanquished Creatures
  Grinder (D:3)
  Duvessa (D:4)
  Dowan (D:4)
  An orc priest (D:4)
  Crazy Yiuf (D:3)
  2 orc wizards (D:4)
  Jessica (D:2)
  Natasha (D:4)
  3 gnolls (D:4)
  6 adders
  3 worms
  An adder skeleton (D:4)
  8 orcs
  3 ball pythons
  2 bats
  6 giant cockroaches
  11 hobgoblins
  8 kobolds
  5 giant geckos
  5 giant newts
  9 goblins
  A quokka (D:3)
  12 rats
  A fungus (D:3)
93 creatures vanquished.

Notes
Turn   | Place    | Note
--------------------------------------------------------------
     0 | D:1      | urechis the Ogre Gladiator began the quest for the Orb.
     0 | D:1      | Reached XP level 1. HP: 22/22 MP: 1/1
   145 | D:1      | Reached XP level 2. HP: 15/29 MP: 2/2
   463 | D:1      | Reached skill level 5 in Maces & Flails
   713 | D:2      | Reached XP level 3. HP: 27/36 MP: 3/3
  1030 | D:2      | Found a sparkling altar of Nemelex Xobeh.
  1176 | D:2      | Noticed Jessica
  1235 | D:3      | Reached XP level 4. HP: 29/44 MP: 4/4
  1414 | D:2      | Reached skill level 6 in Maces & Flails
  1421 | D:2      | Found an opulent altar of Gozag.
  1422 | D:2      | Found an iron altar of Okawaru.
  1537 | D:2      | Killed Jessica
  1714 | D:3      | Reached XP level 5. HP: 45/50 MP: 5/5
  1736 | D:3      | Found a shadowy altar of Dithmenos.
  2120 | D:3      | Noticed Grinder
  2131 | D:3      | Paralysed by Grinder for 3 turns
  2146 | D:3      | Killed Grinder
  2146 | D:3      | Reached skill level 7 in Maces & Flails
  2146 | D:3      | Reached skill level 5 in Throwing
  2146 | D:3      | Reached XP level 6. HP: 7/59 MP: 6/6
  2597 | D:3      | Noticed Crazy Yiuf
  2606 | D:3      | Killed Crazy Yiuf
  2729 | D:4      | Reached skill level 8 in Maces & Flails
  2972 | D:4      | Reached XP level 7. HP: 19/66 MP: 7/7
  3314 | D:4      | Noticed Duvessa
  3318 | D:4      | Noticed Dowan
  3322 | D:4      | Killed Duvessa
  3322 | D:4      | Reached skill level 9 in Maces & Flails
  3336 | D:4      | Killed Dowan
  3422 | D:4      | Noticed Natasha
  3428 | D:4      | Killed Natasha
  3439 | D:4      | Noticed Natasha
  3442 | D:4      | Killed from afar by Natasha

Vault maps used:
D:1:      zelgadis_glass_arrival_small, minmay_rat_gold_closets
D:2:      nicolae_overflow_hidden_temple, gammafunk_temple_overflow_pools,
          bh_walls_and_bars, uniq_jessica
D:3:      nicolae_dithmenos_through_a_glass_darkly, uniq_grinder,
          uniq_crazy_yiuf_cottage
D:4:      minmay_misc_feat_room, uniq_natasha, uniq_duvessa

Action                   |  1- 3 |  4- 6 |  7- 9 || total
-------------------------+-------+-------+-------++-------
Melee: Flail             |    43 |       |       ||    43
       Whip              |    85 |   189 |     6 ||   280
       Mace              |       |       |    46 ||    46
Throw: Javelin           |       |     4 |     6 ||    10
  Use: Potion            |       |       |     1 ||     1
 Stab: Sleeping          |     5 |     1 |       ||     6
  Eat: Chunk             |     1 |     4 |     1 ||     6
       Royal jelly       |       |     1 |       ||     1
